 Dungeon Crawl Stone Soup version 0.31-a0-354-g827e0957a7 (webtiles) character file.

Game seed: 17160032780670187013

16356 Locuples the Severer (level 12, -8/172 HPs)
             Began as a Minotaur Berserker on July 24, 2023.
             Was a Priest of Trog.
             Mangled by Rupert
             ... wielding a +4 heavy battleaxe
              (12 damage)
             ... on level 12 of the Dungeon.
             The game lasted 00:27:48 (9107 turns).

Locuples the Severer (Minotaur Berserker)           Turns: 9107, Time: 00:27:49

Health: -8/172     AC: 21    Str: 23    XL:     12   Next: 9%
Magic:  11/11      EV:  9    Int:  4    God:    Trog [***...]
Gold:   315        SH:  5    Dex: 14    Spells: 11/11 levels left

rFire   . . .        p - +0 battleaxe
rCold   . . .        (shield currently unavailable)
rNeg    . . .        L - +0 plate armour
rPois   .            (helmet restricted)
rElec   .            B - +2 cloak
rCorr   .            f - +0 pair of gloves
SInv    .            w - +0 pair of boots
Will    ++...        C - amulet of reflection Stlth
                     (no ring)
HPRegen 1.48/turn    (no ring)
MPRegen 0.12/turn

%: reflection
@: berserking, strong-willed, regenerating, very quick
A: horns 2, retaliatory headbutt
a: Renounce Religion, Berserk, Trog's Hand


You were on level 12 of the Dungeon.
You worshipped Trog.
Trog was most pleased with you.
You visited 1 branch of the dungeon, and saw 12 of its levels.

You collected 427 gold pieces.
You spent 112 gold pieces at shops.

Inventory:

Hand Weapons
 p - a +0 battleaxe (weapon)
 q - a +0 hand axe of flaming
 I - the +3 war axe of Gravity {spect, Str+3 Int+3}
   (You found it on level 9 of the Dungeon)

   Str:       It affects your strength (+3).
   Int:       It affects your intelligence (+3).
Armour
 f - a +0 pair of gloves (worn)
 w - a +0 pair of boots (worn)
 B - a +2 cloak (worn)
 L - a +0 plate armour (worn)
Jewellery
 C - an amulet of reflection (around neck)
Wands
 h - a wand of acid (6)
 v - a wand of polymorph (11) (quivered)
Scrolls
 a - 2 scrolls of identify
 c - a scroll of poison {unknown}
 d - 4 scrolls of vulnerability {unknown}
 e - 5 scrolls of teleportation
 g - a scroll of torment {unknown}
 l - 2 scrolls of revelation
 o - a scroll of blinking {unknown}
 r - a scroll of fear {unknown}
 u - a scroll of brand weapon {unknown}
 z - a scroll of noise {unknown}
 A - a scroll of summoning {unknown}
Potions
 b - a potion of invisibility
 i - a potion of magic {unknown}
 k - a potion of mutation {unknown}
 m - a potion of might
 n - 3 potions of cancellation {unknown}
 t - 3 potions of curing
 D - a potion of brilliance {unknown}
 G - 3 potions of enlightenment {unknown}
 H - a potion of haste {unknown}
 J - 4 potions of berserk rage


   Skills:
 * Level 13.2 Fighting
 + Level 16.2 Axes
 + Level 10.3 Armour
 + Level 6.2 Dodging
 + Level 0.8 Shields


You had 11 spell levels left.
You didn't know any spells.
Your spell library was empty.

Dungeon Overview and Level Annotations

Branches:
Dungeon (12/15)            Temple (0/1) D:5            Lair (0/5) D:8
    Orc (0/2) D:9

Altars:
Cheibriados
Gozag
Makhleb
Ru
Sif Muna
Wu Jian
Xom
Yredelemnul

Shops:
D:5 **   D:6 ?   D:10 [(

Annotations:
D:12 Rupert


Innate Abilities, Weirdness & Mutations

You have a pair of horns on your head.
You reflexively headbutt those who attack you in melee.


Message History

Your skin crawls.
You feel strong-willed. The large slime creature hits you!
The slime creature hits you but does no damage.
A red film seems to cover your vision as you go berserk!
You feel yourself moving faster!
You feel mighty! You block Rupert's attack.
The large slime creature barely misses you.
Two slime creatures merge to form a large slime creature.
Two slime creatures merge to form a very large slime creature.
You slice Rupert!! You headbutt Rupert!!
Rupert is moderately wounded.
You slash the very large slime creature!
You hit the large slime creature. You slash Rupert! You headbutt Rupert.
Rupert is moderately wounded.
You slash the large slime creature!
You barely miss the very large slime creature.
Rupert hits you with a +4 heavy battleaxe!!!
The very large slime creature hits you!!!
The large slime creature hits you but does no damage.
You slash Rupert! You headbutt Rupert!!
Rupert is heavily wounded.
You slash the large slime creature!
You slash the very large slime creature!
You closely miss Rupert.
Rupert is heavily wounded.
You slice the very large slime creature!!
You slash the large slime creature!
Rupert hits you with a +4 heavy battleaxe!!
* * * LOW HITPOINT WARNING * * *
The very large slime creature hits you!!
* * * LOW HITPOINT WARNING * * *
The large slime creature hits you.
* * * LOW HITPOINT WARNING * * *
You closely miss Rupert. You headbutt Rupert.
Rupert is heavily wounded.
You slice the large slime creature!!
You slash the very large slime creature!
Rupert hits you with a +4 heavy battleaxe!
You die...

....
....#####.#####.
........#......
........#.....
........#....
........#...
........#..
........#.#
########@#<#
.......J@J.#
........[..#
####+####..#
#....# #....#
#....# #....#
......


You could see Rupert (berserk), a very large slime creature and a large slime
creature.

Vanquished Creatures
  Fannar (D:10)
  Harold (D:10)
  A centaur warrior (D:10)
  Erica (D:9)
  A two-headed ogre (D:10)
  A boulder beetle (D:11)
  Urug (D:10)
  An ugly thing (D:11)
  A cyclops (D:11)
  Joseph (D:10)
  A kobold demonologist (D:11)
  A rime drake (D:8)
  A troll (D:9)
  A polar bear (D:8)
  Grinder (D:3)
  2 hornets
  2 shadows (D:9)
  A wyvern (D:9)
  A wraith (D:9)
  14 yaks
  Grum (D:11)
  4 vampire mosquitoes (D:11)
  3 steam dragons
  Menkaure (D:5)
  An acid dragon (D:8)
  2 water moccasins
  3 black bears
  10 ice beasts
  2 sky beasts
  2 orc warriors
  An ogre (D:5)
  9 centaurs
  5 wolves
  3 phantoms
  4 kobold brigands (D:9)
  3 gnoll sergeants
  2 scorpions
  2 bullfrogs
  8 wights (D:8)
  11 killer bees
  4 howler monkeys
  2 jellies
  4 gnoll boudas
  Crazy Yiuf (D:5)
  5 hounds
  3 orc priests
  An iguana (D:5)
  8 orc wizards
  19 gnolls
  7 adders
  3 shadow imps
  A white imp (D:6)
  2 ufetubi (D:5)
  A worm (D:2)
  A dart slug (D:1)
  22 orcs
  11 ball pythons
  9 endoplasms
  3 giant cockroaches
  5 goblins
  7 hobgoblins
  4 jackals
  21 kobolds
  7 quokkas
  7 bats
  4 frilled lizards
  8 rats
  A spectral weapon (D:10)
283 creatures vanquished.

Notes
Turn   | Place    | Note
-------+----------+-------------------------------------------
     0 | D:1      | Locuples the Minotaur Berserker began the quest for the
                  | Orb.
     0 | D:1      | Reached XP level 1. HP: 19/19 MP: 0/0
   128 | D:1      | Reached XP level 2. HP: 26/27 MP: 1/1
   152 | D:1      | Reached skill level 4 in Axes
   610 | D:1      | Reached ** piety under Trog
   718 | D:2      | Reached XP level 3. HP: 33/33 MP: 2/2
   786 | D:2      | Identified the +0 ring mail "Seckefag" {rCorr Dex+4}
   940 | D:2      | Reached XP level 4. HP: 41/41 MP: 3/3
   943 | D:2      | Reached skill level 5 in Axes
  1132 | D:2      | Reached XP level 5. HP: 39/47 MP: 4/4
  1975 | D:3      | Noticed Grinder
  1989 | D:3      | Paralysed by Grinder for 3 turns
  1992 | D:3      | Killed Grinder
  1993 | D:3      | Reached skill level 5 in Fighting
  1993 | D:3      | Reached skill level 6 in Axes
  1993 | D:3      | Reached XP level 6. HP: 46/56 MP: 5/5
  2066 | D:3      | Reached *** piety under Trog
  2259 | D:4      | Reached XP level 7. HP: 58/61 MP: 6/6
  2279 | D:4      | Reached skill level 7 in Axes
  2279 | D:4      | Reached skill level 5 in Armour
  2655 | D:4      | Found a shimmering blue altar of Sif Muna.
  2777 | D:5      | Entered Level 5 of the Dungeon
  2844 | D:5      | Found a burning altar of Makhleb.
  2920 | D:5      | Noticed Menkaure
  2928 | D:5      | Killed Menkaure
  2929 | D:5      | Reached skill level 8 in Axes
  3013 | D:5      | Found Taixzulu's Specific Store.
  3015 | D:5      | Found Coddappi's General Store.
  3063 | D:5      | Found a staircase to the Ecumenical Temple.
  3127 | D:5      | Found an ornate altar of the Wu Jian Council.
  3183 | D:5      | Reached XP level 8. HP: 41/71 MP: 7/7
  3306 | D:5      | Reached skill level 9 in Axes
  3323 | D:5      | Identified the +2 leather armour of Fedhas, Destroying
                  | {rElec}
  3796 | D:5      | Found a runed translucent door.
  3797 | D:5      | Noticed Crazy Yiuf
  3805 | D:5      | Killed Crazy Yiuf
  3908 | D:6      | Found a basalt altar of Yredelemnul.
  4018 | D:6      | Reached skill level 10 in Axes
  4049 | D:6      | Reached XP level 9. HP: 79/79 MP: 8/8
  4207 | D:6      | Found a sacrificial altar of Ru.
  4340 | D:6      | Found an opulent altar of Gozag.
  4628 | D:6      | Found Rauwev's Magic Scroll Emporium.
  4633 | D:6      | Bought a scroll of identify for 28 gold pieces
  4633 | D:6      | Bought 2 scrolls of identify for 56 gold pieces
  4633 | D:6      | Bought a scroll of identify for 28 gold pieces
  4740 | D:7      | Reached skill level 11 in Axes
  5424 | D:8      | Reached skill level 12 in Axes
  5426 | D:8      | Noticed a rime drake
  5426 | D:8      | Noticed a polar bear
  5428 | D:8      | Reached **** piety under Trog
  5433 | D:8      | Killed a rime drake
  5434 | D:8      | Reached XP level 10. HP: 91/91 MP: 9/9
  5441 | D:8      | Reached skill level 13 in Axes
  5471 | D:8      | Found a staircase to the Lair.
  5759 | D:8      | Paralysed by a hornet for 2 turns
  5875 | D:8      | Found a snail-covered altar of Cheibriados.
  5937 | D:8      | Reached skill level 5 in Dodging
  5942 | D:8      | Reached skill level 14 in Axes
  5944 | D:8      | Reached skill level 10 in Fighting
  6487 | D:9      | Identified the +3 war axe of Gravity {spect, Str+3 Int+3}
  6615 | D:9      | Noticed Erica
  6641 | D:9      | Killed Erica
  6642 | D:9      | Reached XP level 11. HP: 11/101 MP: 10/10
  6983 | D:9      | Found a staircase to the Orcish Mines.
  7352 | D:10     | Entered Level 10 of the Dungeon
  7355 | D:10     | Noticed Harold
  7357 | D:10     | Found a shimmering altar of Xom.
  7358 | D:10     | Found a shimmering altar of Xom.
  7358 | D:10     | Found a shimmering altar of Xom.
  7362 | D:10     | Killed Harold
  7363 | D:10     | Found a shimmering altar of Xom.
  7363 | D:10     | Found a shimmering altar of Xom.
  7363 | D:10     | Found a shimmering altar of Xom.
  7445 | D:10     | Reached skill level 15 in Axes
  7476 | D:10     | Noticed a two-headed ogre
  7483 | D:10     | Killed a two-headed ogre
  7611 | D:10     | Found Dal Jia's Armour Shoppe.
  7619 | D:10     | Found a shimmering altar of Xom.
  7619 | D:10     | Found a shimmering altar of Xom.
  7656 | D:10     | Noticed Fannar
  7658 | D:10     | Noticed Joseph
  7669 | D:10     | Noticed a centaur warrior
  7686 | D:10     | Killed a centaur warrior
  7693 | D:10     | Killed Fannar
  7713 | D:10     | Noticed a skyshark
  7742 | D:10     | Noticed an anaconda
  7755 | D:10     | Killed Joseph
  7757 | D:10     | Noticed a two-headed ogre
  7858 | D:10     | Noticed a satyr
  7927 | D:10     | Found Ywubucwa's Weapon Boutique.
  7949 | D:10     | Noticed Urug
  7956 | D:10     | Killed Urug
  7957 | D:10     | Reached skill level 10 in Armour
  8070 | D:10     | Noticed a sea snake
  8114 | D:10     | Noticed a sea snake
  8480 | D:11     | Noticed a purple ugly thing
  8495 | D:11     | Reached skill level 16 in Axes
  8505 | D:11     | Killed a purple ugly thing
  8523 | D:11     | Noticed Grum
  8532 | D:11     | Noticed a sun demon
  8534 | D:11     | Killed Grum
  8541 | D:11     | Reached XP level 12. HP: 50/115 MP: 11/11
  8830 | D:11     | Noticed a boulder beetle
  8847 | D:11     | Killed a boulder beetle
  9089 | D:12     | Noticed Rupert
  9106 | D:12     | HP: 6/172 [very large slime creature (35)]
  9107 | D:12     | Mangled by Rupert

Illustrated notes

Levels and vault maps discovered:
D:1:      evilmike_arrival_plus, layout_basic
D:2:      wad_river_or_something, layout_basic, minmay_randomly_rotated_circles
D:3:      layout_rooms, uniq_grinder
D:4:      layout_rooms, tgw_sif, hangedman_decor_diamond_cutter
D:5:      minmay_diamond_boxcup, layout_basic, bloody_makhleb,
          mainiacjoe_overflow_small_starburst,
          minmay_temple_entry_drinking_statues, nicolae_specific_store,
          minmay_misc_feat_plants, uniq_menkaure, uniq_crazy_yiuf_cottage
D:6:      layout_loops_ring, grunt_gozag_statues,
          nicolae_ru_great_annihilating_truth, mainiacjoe_overflow_chevrons,
          serial_shops, nicolae_shop_rolled_up
D:7:      layout_rooms
D:8:      layout_loops_ring, mainiacjoe_overflow_paths, hellmonk_lair_entry_icy,
          minmay_misc_feat_chi
D:9:      kennysheep_ambush_hall, layout_basic, orc_0_dummy, uniq_erica
D:10:     layout_cave_pools, xom_shifter_show, serial_shops,
          nicolae_shop_waterfront, shop, uniq_fannar, uniq_urug, uniq_harold,
          uniq_joseph
D:11:     layout_irregular_city, skrybe_limestone_x, uniq_grum
D:12:     layout_irregular_city, gauntlet_entry_generic, enter_trove_3,
          uniq_rupert, uniq_sonja

Skill      XL: |  1  2  3  4  5  6  7  8  9 10 11 |
---------------+----------------------------------+-----
Fighting       | 4 5 6 7 9 10 13 | 13.2
Axes           | 4 5 6 8 10 12 14 16 | 16.2
Armour         | 3 4 5 6 7 9 10 | 10.3
Dodging        | 3 4 5 6 |  6.2
Shields        | |  0.8

Action                     |  1- 3 |  4- 6 |  7- 9 | 10-12 || total
---------------------------+-------+-------+-------+-------++-------
  Melee: Hand axe          |    76 |   107 |   127 |       ||   310
         Headbutt          |     9 |    21 |    58 |    57 ||   145
         Punch             |       |     1 |     3 |     1 ||     5
         War axe           |       |       |   114 |   145 ||   259
         Broad axe         |       |       |       |    65 ||    65
         Battleaxe         |       |       |       |    17 ||    17
 Invoke: Berserk           |     1 |     1 |     6 |    12 ||    20
         Trog's Hand       |     1 |       |     6 |    13 ||    20
  Evoke: Wand              |       |       |       |     3 ||     3
    Use: Scroll            |       |     3 |     5 |     4 ||    12
         Potion            |       |       |       |    10 ||    10
   Stab: Paralysed         |       |       |     1 |       ||     1
         Invisible         |       |       |       |     2 ||     2
 Armour: Animal skin       |     5 |       |       |       ||     5
         Ice dragon scales |    53 |       |       |       ||    53
         Leather armour    |     4 |       |       |       ||     4
         Ring mail         |     9 |    45 |    82 |    58 ||   194
         Plate armour      |       |       |       |    49 ||    49
  Dodge: Dodged            |    75 |    70 |   126 |   177 ||   448
  Block: Other             |       |       |       |    23 ||    23
         Reflection        |       |       |       |     1 ||     1

Table legend: (Time is in decaauts)
 A = Elapsed time spent in this place.
 B = Non-inter-level travel time spent in this place.
 C = Inter-level travel time spent in this place.
 D = Time resting spent in this place.
 E = Time spent auto-exploring this place.
 F = Levels seen in this place.
 G = Mean time per level.
                   A        B        C        D        E       F      G
               +--------+--------+--------+--------+--------+-----+--------+
         Total |   9235 |   8896 |    339 |    861 |   5978 |  12 |  769.6 |
       Dungeon |   9235 |   8896 |    339 |    861 |   5978 |  12 |  769.6 |
               +--------+--------+--------+--------+--------+-----+--------+

Top non-repeatable levels by time:
     D:5: 1094 daAuts
     D:8: 1011 daAuts
     D:9: 978 daAuts
     D:2: 966 daAuts
    D:11: 953 daAuts
     D:6: 842 daAuts
    D:10: 815 daAuts
     D:7: 702 daAuts
     D:4: 683 daAuts
     D:1: 675 daAuts
     D:3: 488 daAuts
    D:12: 23 daAuts
